 Dungeon Crawl Stone Soup version 0.25-a0-403-g49d089a364 (webtiles) character file.

Game seed: 14545133835759015886, levelgen mode: deterministic

5542 Eugen the Cutter (level 10, 0/81 HPs)
             Began as a Demigod Fighter on Jan 9, 2020.
             Slain by Snorg (2 damage)
             ... on level 10 of the Dungeon.
             The game lasted 01:25:06 (8299 turns).

Eugen the Cutter (Demigod Fighter)                  Turns: 8299, Time: 01:25:06

Health: 0/81       AC: 20    Str: 23    XL:     10   Next: 20%
Magic:  20/20      EV: 11    Int: 12    God:
Gold:   651        SH:  4    Dex: 17    Spells: 16/17 levels left

rFire    . . .     SeeInvis .   h - +4 short sword
rCold    . . .     Gourm    .   (no shield)
rNeg     + . .     Faith    .   P - +4 scale mail
rPois    .         Spirit   .   e - +0 helmet
rElec    .         Reflect  +   t - +1 cloak
rCorr    .         Harm     .   M - +3 pair of gauntlets of War {Slay+5}
MR       +....                  G - +0 pair of boots
Stlth    +.........             f - +4 amulet of reflection
HPRegen  0.23/turn              a - ring of positive energy
MPRegen  0.17/turn              q - ring of wizardry

@: no status effects
A: high mp 1
a: no special abilities


You were on level 10 of the Dungeon.
You were near starving.

You visited 1 branch of the dungeon, and saw 10 of its levels.

You collected 771 gold pieces.
You spent 120 gold pieces at shops.

Inventory:

Hand Weapons
 h - a +4 short sword (weapon)
 o - a +3 whip
 r - a +3 dagger of electrocution
 u - a +1 flail of crushing
 x - a +3 spear
Missiles
 g - 35 poisoned darts (quivered)
 i - 85 sling bullets
 k - 133 arrows
 l - 63 bolts
 T - 6 javelins
Armour
 c - a +0 shield
 e - a +0 helmet (worn)
 t - a +1 cloak (worn)
 G - a +0 pair of boots (worn)
 M - the +3 pair of gauntlets of War (worn) {Slay+5}
   (You found it on level 5 of the Dungeon)

   It affects your accuracy and damage with ranged weapons and melee attacks
   (+5).
 P - a +4 scale mail (worn)
Magical Staves
 s - an uncursed staff of fire
Jewellery
 a - a ring of positive energy (left hand)
 f - a +4 amulet of reflection (around neck)
 q - a ring of wizardry (right hand)
 Z - an uncursed ring of protection from fire
Wands
 j - a wand of random effects (21)
 D - a wand of enslavement (5)
 J - a wand of iceblast (2)
 U - a wand of polymorph (5)
Scrolls
 b - a scroll of fog
 n - 3 scrolls of teleportation
 p - 2 scrolls of identify
 y - a scroll of amnesia
 B - 2 scrolls of random uselessness
 E - 6 scrolls of remove curse
 F - a scroll of immolation {unknown}
 R - a scroll of magic mapping {unknown}
 W - 2 scrolls of blinking {unknown}
Potions
 d - 2 potions of might
 m - 5 potions of curing {unknown}
 z - 3 potions of mutation {unknown}
 A - 3 potions of haste {unknown}
 C - 4 potions of lignification
 H - 2 potions of flight {unknown}
 K - a potion of cancellation {unknown}
 N - a potion of invisibility {unknown}
 Q - a potion of agility {unknown}
 S - a potion of heal wounds {unknown}
 Y - a potion of ambrosia {unknown}
Comestibles
 I - 5 rations


   Skills:
 + Level 5.2 Fighting
 + Level 7.5 Short Blades
   Level 0.5(4.6) Long Blades
   Level 3.6 Axes
 + Level 0.7 Throwing
 + Level 5.5 Armour
 + Level 2.5 Dodging
 + Level 1.3 Stealth
 + Level 7.1 Shields
 + Level 4.3 Spellcasting
 + Level 3.1 Ice Magic


You had 16 spell levels left.
You knew the following spells:

 Your Spells              Type           Power        Failure   Level  Hunger
a - Freeze                Ice            ##..         6%          1    None

Your spell library contained the following spells:

 Spells                   Type           Power        Failure   Level  Hunger
 Ensorcelled Hibernation  Hex/Ice        #.....       16%         2    ##.....
 Beastly Appendage        Tmut           #.....       21%         1    None
 Corona                   Hex            #......      21%         1    None
 Sticks to Snakes         Tmut           #.......     28%         2    ##.....
 Ozocubu's Armour         Chrm/Ice       #.......     30%         3    ###....
 Confusing Touch          Hex            #.......     50%         3    ###....
 Dazzling Flash           Conj/Hex       #.....       50%         3    ###....
 Spider Form              Tmut/Pois      #.........   50%         3    ###....
 Tukima's Dance           Hex            #.......     50%         3    ###....
 Hailstorm                Conj/Ice       #.......     67%         4    ####...
 Ice Form                 Ice/Tmut       #.......     67%         4    ####...
 Summon Ice Beast         Ice/Summ       #.......     67%         4    ####...
 Cause Fear               Hex            #.........   86%         4    ####...
 Blade Hands              Tmut           #.........   99%         5    ######.
 Silence                  Hex/Air        #.........   99%         5    ######.
 Yara's Violent Unravell  Hex/Tmut       #.........   99%         5    ######.
 Deflect Missiles         Chrm/Air       #.........   100%        6    #######
 Discord                  Hex            #.........   100%        8    #######


Dungeon Overview and Level Annotations

Branches:
Dungeon (10/15)            Temple (0/1) D:7
   Lair: D:8-11         Orc: D:9-12

Shops:
D:9 %

Annotations:
D:10 Snorg


Innate Abilities, Weirdness & Mutations

You have an increased reservoir of magic. (+10% MP)


Message History

Aim: Snorg (moderately wounded, berserk, fast, unusually strong)
You freeze Snorg.
Snorg is moderately wounded.
Snorg bites you. Snorg barely misses you. Snorg claws you!
* * * LOW HITPOINT WARNING * * *
A wight comes into view.
It is wielding a +0 hand axe and wearing a +1 robe of positive energy.
Snorg bites you but does no damage. Snorg misses you. Snorg claws you.
* * * LOW HITPOINT WARNING * * *
Snorg bites you.
* * * LOW HITPOINT WARNING * * *
Snorg closely misses you. Snorg misses you. You block Snorg's attack.
Snorg claws you!
* * * LOW HITPOINT WARNING * * *
You block Snorg's attack.
Okay, then.
Okay, then.
As you read the scroll labeled DOERHO MYGEPOT, it crumbles to dust.
The dust glows dull marigold!
It was a scroll of random uselessness.
Snorg bites you.
You die...

.....#......######
..####...##......# #
#######...###
##..###.†.....###
#.......########
..#..##........#
##...........#
################........#
....>z.z.z.T@...........#
################........#
#........# ##########


You could see Snorg (berserk) and 3 wights.

Vanquished Creatures
  Maurice (D:9)
  A troll (D:10)
  A hippogriff (D:6)
  A vampire (D:9)
  5 yaks (D:9)
  A soldier ant (D:7)
  3 sky beasts
  An eye of draining (D:8)
  A black bear (D:7)
  3 ice beasts
  2 necrophages
  4 ogres
  4 phantoms
  A centaur (D:10)
  An elf zombie (D:9)
  A bullfrog (D:7)
  A scorpion (D:4)
  A wight (D:9)
  5 howler monkeys
  A crimson imp (D:9)
  A centaur zombie (D:9)
  9 hounds
  A quasit (D:6)
  3 human zombies (D:9)
  3 orc priests
  A bullfrog skeleton (D:7)
  2 centaur skeletons
  An iron imp (D:4)
  2 jellies
  8 orc wizards
  2 human skeletons (D:9)
  Jessica (D:3)
  Ijyb (D:4)
  3 iguanas
  14 worker ants
  2 hound zombies
  A hound skeleton (D:8)
  3 mummies (D:9)
  A howler monkey zombie (D:7)
  3 gnolls (D:6)
  9 adders
  2 oozes
  5 worms
  2 dart slugs
  6 leopard geckos
  37 orcs
  A ball python (D:4)
  2 bats
  4 giant cockroaches
  10 goblins
  5 hobgoblins
  15 jackals
  9 kobolds
  5 quokkas
  6 frilled lizards
  A leopard gecko skeleton (D:6)
  A leopard gecko zombie (D:8)
  An orc zombie (D:9)
  3 quokka skeletons
  7 rats
  A plant (D:3)
233 creatures vanquished.

Notes
Turn   | Place    | Note
-------+----------+-------------------------------------------
     0 | D:1      | Eugen the Demigod Fighter began the quest for the Orb.
     0 | D:1      | Reached XP level 1. HP: 18/18 MP: 3/3
   503 | D:1      | Reached XP level 2. HP: 23/25 MP: 4/4
  1141 | D:2      | Reached XP level 3. HP: 24/30 MP: 5/5
  1208 | D:2      | Found a hazy altar of Hepliaklqana.
  1625 | D:3      | Reached XP level 4. HP: 13/37 MP: 6/6
  1948 | D:3      | Found a shadowy altar of Dithmenos.
  1948 | D:3      | Found a sacrificial altar of Ru.
  1986 | D:3      | Noticed Jessica
  2340 | D:3      | Reached XP level 5. HP: 41/45 MP: 7/7
  2402 | D:3      | Killed Jessica
  2534 | D:3      | Found a white marble altar of Elyvilon.
  2691 | D:4      | Reached skill level 1 in Short Blades
  2722 | D:4      | Reached XP level 6. HP: 33/51 MP: 8/8
  2846 | D:4      | Noticed Ijyb
  2862 | D:4      | Killed Ijyb
  2933 | D:4      | Reached skill level 1 in Dodging
  3368 | D:4      | Found a burning altar of Makhleb.
  3532 | D:4      | Reached XP level 7. HP: 55/57 MP: 9/9
  3628 | D:5      | Entered Level 5 of the Dungeon
  3991 | D:5      | Found the +3 pair of gauntlets of War {Slay+5}
  4055 | D:5      | Reached skill level 5 in Shields
  4421 | D:6      | Found a shattered altar of Ashenzari.
  4493 | D:6      | Reached XP level 8. HP: 51/66 MP: 10/10
  4536 | D:6      | Found an opulent altar of Gozag.
  4648 | D:6      | Reached skill level 5 in Short Blades
  4799 | D:6      | Found an iron altar of Okawaru.
  5036 | D:6      | Found a bloodstained altar of Trog.
  5126 | D:7      | Noticed a hippogriff
  5135 | D:6      | Killed a hippogriff
  5365 | D:7      | Learned a level 1 spell: Freeze
  5453 | D:7      | Found a staircase to the Ecumenical Temple.
  5743 | D:7      | Reached XP level 9. HP: 58/72 MP: 11/11
  6053 | D:8      | Reached skill level 5 in Armour
  6345 | D:8      | Found a sparkling altar of Nemelex Xobeh.
  6557 | D:8      | Reached skill level 1 in Stealth
  6836 | D:9      | Reached skill level 1 in Spellcasting
  6851 | D:9      | Reached skill level 1 in Ice Magic
  6948 | D:9      | Found a basalt altar of Yredelemnul.
  7098 | D:9      | Found Ojopp's Food Shoppe.
  7147 | D:9      | Noticed Maurice
  7171 | D:9      | Killed Maurice
  7171 | D:9      | Reached skill level 5 in Fighting
  7396 | D:10     | Entered Level 10 of the Dungeon
  7419 | D:9      | Bought a ration for 60 gold pieces
  7419 | D:9      | Bought a ration for 60 gold pieces
  7508 | D:9      | Reached XP level 10. HP: 46/81 MP: 12/19
  8284 | D:10     | Noticed Snorg
  8298 | D:10     | HP: 2/81 [Snorg (12)]
  8299 | D:10     | Slain by Snorg

Levels and vault maps discovered:
D:1:      dpeg_arrival_tiny_j, layout_loops_corners
D:2:      layout_basic, old_standard_altar, kennysheep_generic_room_5
D:3:      layout_rooms, overflow_temple_1_default,
          gammafunk_temple_overflow_wave, chequers_serial_rivers_micro_b,
          uniq_jessica
D:4:      layout_rooms, makhleb_grotto_becter, first_ration, uniq_ijyb
D:5:      layout_loops_cross
D:6:      layout_basic, okawaru_altar_gauntlet_db,
          ashenzari_conservatory_becter, kennysheep_mini_moat,
          nicolae_gozag_seed_capital
D:7:      layout_cave_pods, minmay_temple_entry_tees
D:8:      layout_rooms, old_standard_altar
D:9:      layout_roguey, lemuel_mausoleum_altar_yredelemnul, serial_shops,
          shop_coins, uniq_maurice
D:10:     layout_rooms, uniq_snorg

Skill      XL: |  1  2  3  4  5  6  7  8  9 10 |
---------------+-------------------------------+-----
Shields        | 3 4 5 6 7 |  7.1
Axes           | 2 3 |  3.6
Armour         | 3 4 5 |  5.5
Fighting       | 3 4 5 |  5.2
Short Blades   | 1 3 4 6 7 |  7.5
Dodging        | 1 2 |  2.5
Stealth        | 1 |  1.3
Spellcasting   | 3 4 |  4.3
Ice Magic      | 2 3 |  3.1
Long Blades    | |  0.5
Throwing       | |  0.7

Action                   |  1- 3 |  4- 6 |  7- 9 | 10-12 || total
-------------------------+-------+-------+-------+-------++-------
Melee: Hand axe          |    35 |       |       |       ||    35
       War axe           |    76 |    55 |       |       ||   131
       Short sword       |       |   156 |   564 |    78 ||   798
       Long sword        |       |       |    25 |       ||    25
Throw: Dart              |       |     5 |       |       ||     5
 Cast: Freeze            |       |       |    94 |     3 ||    97
  Use: Scroll            |     8 |     3 |     5 |     1 ||    17
       Potion            |       |     3 |       |       ||     3
 Stab: Distracted        |       |     1 |       |       ||     1
  Eat: Ration            |     1 |     2 |     4 |       ||     7
       Chunk             |       |       |     3 |       ||     3
Armor: Scale mail        |    51 |    28 |    88 |    38 ||   205
       Chain mail        |       |    45 |   124 |       ||   169
       Robe              |       |       |    13 |       ||    13
       Skin              |       |       |     3 |       ||     3
Dodge: Dodged            |    32 |    58 |   117 |    44 ||   251
Block: Shield            |    75 |   117 |   214 |       ||   406
       Reflection        |       |       |     8 |     4 ||    12
       Other             |       |       |    40 |    15 ||    55
       Rpst.: Long sword |       |       |     2 |       ||     2

Table legend:
 A = Non-vault XP
 B = Vault XP
 C = Vault XP percentage of total XP
 D = Non-vault monster count
 E = Vault monster count
 F = Vault count percentage of total count
                 A         B        C        D         E       F
            +---------+---------+-------+---------+---------+-------
      Total |    6780 |    1138 |  14.4 |     208 |      24 |  10.3
            +---------+---------+-------+---------+---------+-------
        D:1 |      20 |       0 |   0.0 |      12 |       0 |   0.0
        D:2 |      41 |       4 |   8.9 |      18 |       2 |  10.0
        D:3 |     234 |      37 |  13.7 |      34 |       1 |   2.9
        D:4 |     512 |      76 |  12.9 |      18 |       2 |  10.0
        D:5 |     597 |       0 |   0.0 |      21 |       0 |   0.0
        D:6 |    1001 |      10 |   1.0 |      20 |       6 |  23.1
        D:7 |     811 |       0 |   0.0 |      19 |       0 |   0.0
        D:8 |     541 |       0 |   0.0 |      29 |       0 |   0.0
        D:9 |    2129 |    1011 |  32.2 |      28 |      13 |  31.7
       D:10 |     894 |       0 |   0.0 |       9 |       0 |   0.0
            +---------+---------+-------+---------+---------+-------
